 Dungeon Crawl Stone Soup version 0.23-a0-577-g2b1de94 (console) character file.

4 Duffy the Magician (level 1, 15/15 HPs)
             Began as a Naga Wizard on Dec 14, 2018.
             Quit the game on level 1 of the Dungeon.
             The game lasted 00:00:26 (359 turns).

Duffy the Magician (Naga Wizard)                     Turns: 359, Time: 00:00:27

Health: 15/15      AC:  1    Str:  9    XL:     1   Next: 70%
Magic:  4/4        EV: 10    Int: 18    God:
Gold:   27         SH:  0    Dex:  9    Spells: 5/6 levels left

rFire    . . .     SeeInvis +   k - -1 whip (curse)
rCold    . . .     Gourm    .   (no shield)
rNeg     . . .     Faith    .   a - +0 robe
rPois    +         Spirit   .   b - +0 hat
rElec    .         Reflect  .   (no cloak)
rCorr    .         Harm     .   (no gloves)
MR       .....                  (no barding)
Stlth    ++........             (no amulet)
HPRegen  0.05/turn              (no ring)
MPRegen  0.09/turn              (no ring)

@: very slow
A: large, see invisible, deformed body, poison resistance, slowness 2, slow
metabolism 1, spit poison 1, AC +0
a: Spit Poison


You were on level 1 of the Dungeon.
You were not hungry.

You visited 1 branch of the dungeon, and saw 1 of its levels.

You collected 27 gold pieces.

Inventory:

Hand Weapons
 k - a cursed -1 whip (weapon)
Armour
 a - a +0 robe (worn)
 b - a +0 hat (worn)
Scrolls
 e - a scroll of remove curse {unknown}
 f - a scroll of teleportation {unknown}
 g - a scroll of enchant armour {unknown}
 i - a scroll of identify {unknown}
Potions
 c - a potion of brilliance {unknown}
 h - 2 potions of curing {unknown}
Comestibles
 d - a ration
 j - 2 chunks of flesh


   Skills:
 - Level 1.5 Dodging
 - Level 3.0 Stealth
 + Level 3.1 Spellcasting
 + Level 1.3 Conjurations
   Level 1.0 Summonings
   Level 1.0 Translocations


You had 5 spell levels left.
You knew the following spells:

 Your Spells              Type           Power        Failure   Level  Hunger
h - Magic Dart            Conj           #...         10%         1    None

Your spell library contained the following spells:

 Spells                   Type           Power        Failure   Level  Hunger
 Blink                    Tloc           N/A          16%         2    ##.....
 Call Imp                 Summ           #.......     16%         2    ##.....
 Slow                     Hex            #.......     24%         2    ##.....
 Conjure Flame            Conj/Fire      #.......     36%         3    ###....
 Mephitic Cloud           Conj/Pois/Air  #.......     38%         3    ###....


Dungeon Overview and Level Annotations

Branches:
Dungeon (1/15)

Altars:


Innate Abilities, Weirdness & Mutations

You cannot wear boots.
Your serpentine skin is tough. (AC +0)
You have supernaturally acute eyesight. (SInv)
Armour fits poorly on your strangely shaped body.
Your system is resistant to poisons. (rPois)
You cover ground very slowly.
You have a slow metabolism.
You can spit poison.


Message History

The magic dart hits the leopard gecko.
You kill the leopard gecko!
Casting: Magic Dart (safe; 10% risk of failure)
Confirm with . or Enter, or press ? or * to list all spells.
You can't see any susceptible monsters within range! (Use Z to cast anyway.)
Casting: Magic Dart (safe; 10% risk of failure)
Confirm with . or Enter, or press ? or * to list all spells.
You can't see any susceptible monsters within range! (Use Z to cast anyway.)
h - 2 grey potions (gained 1)
Found 20 bolts.
You butcher the leopard gecko corpse.
j - 2 chunks of flesh You see here a leopard gecko skeleton. x2
Found a runed whip.
You see here a runed whip.
k - a runed whip Wield which item (- for none, * to show all)? (? for menu, Esc to quit)
It sticks to your hand!
k - a cursed -1 whip (weapon)
Are you sure you want to abandon this character and quit the game? (Confirm

........# #..#.#..#........%.##....
........###.##.#.##.##.......##....
##.#..)#...###.#.##.##.....(.##.#.#
#.#...#.### #......##............#
#.#...#.# ###......#########.###
#.#...#.# ##.####.# #.# #.##.##.#
#...###.# #.# #.......## #.....#.#
#. ####.....# #..@#.#.#
#########.######......# ..).#
#.......####......
###.####..#.....# ######
#...........##..# ..#.####..####..#
###.# #........# ###.#####.#####.#
....#.."..# #.#


There were no monsters in sight!

Vanquished Creatures
  A leopard gecko (D:1)
  A bat (D:1)
  A frilled lizard (D:1)
  2 kobolds (D:1)
5 creatures vanquished.

Notes
Turn   | Place    | Note
-------+----------+-------------------------------------------
     0 | D:1      | Duffy the Naga Wizard began the quest for the Orb.
     0 | D:1      | Reached XP level 1. HP: 15/15 MP: 4/4
   359 | D:1      | Quit the game

Vault maps used:
D:1:      lightli_iron_boxes

Action                   || total
-------------------------++-------
 Cast: Magic Dart        ||     6
 Abil: Spit Poison       ||     1
Dodge: Dodged            ||     1

Table legend:
 A = Non-vault XP
 B = Vault XP
 C = Vault XP percentage of total XP
 D = Non-vault monster count
 E = Vault monster count
 F = Vault count percentage of total count
                 A         B        C        D         E       F
            +---------+---------+-------+---------+---------+-------
      Total |       7 |       0 |   0.0 |       5 |       0 |   0.0
            +---------+---------+-------+---------+---------+-------
        D:1 |       7 |       0 |   0.0 |       5 |       0 |   0.0
            +---------+---------+-------+---------+---------+-------
